 Dungeon Crawl Stone Soup version 0.31-a0-596-g831eee08f1 (webtiles) character file.

Game seed: 11457804532401176572

328 avis the Cleaver (level 6, -1/52 HPs)
             Began as a Hill Orc Monk on Aug 20, 2023.
             Slain by a gnoll bouda
             ... wielding a +0 club
              (6 damage)
             ... on level 4 of the Dungeon.
             The game lasted 00:13:04 (2510 turns).

avis the Cleaver (Hill Orc Monk)                    Turns: 2510, Time: 00:13:04

Health: -1/52      AC:  6    Str: 17    XL:     6   Next: 50%
Magic:  0/6        EV:  7    Int: 10    God:
Gold:   211        SH: 15    Dex: 10    Spells: 5/5 levels left

rFire   + . .        a - +0 hand axe
rCold   + . .        C - +5 tower shield of Qukanec {rCorr Str+3 Dex-5}
rNeg    . . .        r - +0 ring mail
rPois   .            v - +0 helmet
rElec   .            E - scarf {rC+ rF+}
rCorr   +            (no gloves)
SInv    .            (no boots)
Will    .....        u - amulet of guardian spirit Stlth
                     (no ring)
HPRegen 0.28/turn    (no ring)
MPRegen 0.10/turn

%: guardian spirit
@: no status effects
A: no striking features
a: no special abilities


You were on level 4 of the Dungeon.
You visited 1 branch of the dungeon, and saw 4 of its levels.

You collected 211 gold pieces.

Inventory:

Hand Weapons
 a - a +0 hand axe (weapon)
 c - a +0 spear
 z - a +0 spear
 A - a +0 scythe
 B - a +0 sling
Missiles
 b - 6 datura-tipped darts
 o - 3 boomerangs
 y - 5 atropa-tipped darts
Armour
 d - an orb of light
 i - a +1 cloak
 r - a +0 ring mail (worn)
 v - a +0 helmet (worn)
 C - the +5 tower shield of Qukanec (worn) {rCorr Str+3 Dex-5}
   (You found it on level 4 of the Dungeon)

   Str+3:     It affects your strength (+3).
   Dex-5:     It affects your dexterity (-5).
   rCorr:     It protects you from acid and corrosion.
 E - a scarf of resistance (worn)
Jewellery
 u - an amulet of guardian spirit (around neck)
Talismans
 D - a granite talisman
Scrolls
 g - 2 scrolls of amnesia {unknown}
 k - 3 scrolls of identify {unknown}
 l - a scroll of immolation {unknown}
 q - a scroll of noise {unknown}
 s - a scroll of brand weapon {unknown}
 x - a scroll of teleportation {unknown}
 F - a scroll of poison {unknown}
 G - a scroll of vulnerability {unknown}
Potions
 e - 2 potions of lignification {unknown}
 f - 2 potions of curing {unknown}
 h - a potion of berserk rage {unknown}
 j - a potion of haste {unknown}
 m - a potion of enlightenment {unknown}
 n - 3 potions of mutation {unknown}
 p - 2 potions of resistance {unknown}
 t - a potion of attraction {unknown}
 w - 2 potions of heal wounds {unknown}


   Skills:
 - Level 3.7 Fighting
 * Level 9.3 Axes
 - Level 2.4 Dodging


You had 5 spell levels left.
You didn't know any spells.
Your spell library contained the following spells:

 Spells                   Type           Power      Damage    Failure   Level
 Magic Dart               Conj           0%         1d3       100%        1


Dungeon Overview and Level Annotations

Branches:
Dungeon (4/15)
 Temple: D:4-7

Altars:
Hepliaklqana
Qazlal
Ru

Shops:
D:1 ?   D:2 [


Message History

You barely miss the gnoll.
The gnoll is moderately wounded.
You completely miss the gnoll.
You hit the gnoll bouda but do no damage.
The gnoll bouda barks out a call to the hunt!
The gnoll picks up the pace!
You block the gnoll's attack. The gnoll barely misses you.
You slash the gnoll!
The gnoll is almost dead.
You hit the gnoll but do no damage. You closely miss the gnoll bouda.
The gnoll bouda hits you with a +0 club.
The gnoll hits you with a +0 spear.
* * * LOW HITPOINT WARNING * * *
You block the gnoll's attack. You block the gnoll bouda's attack.
The gnoll hits you with a +0 spear.
* * * LOW HITPOINT WARNING * * *
You hit the gnoll but do no damage.
The gnoll is almost dead.
You closely miss the gnoll. You barely miss the gnoll bouda.
The gnoll is no longer moving quickly.
You block the gnoll's attack.
The gnoll bouda hits you but does no damage.
The gnoll hits you with a +0 spear.
* * * LOW HITPOINT WARNING * * *
You hit the gnoll but do no damage.
The gnoll is almost dead.
You hit the gnoll but do no damage. You hit the gnoll bouda.
You block the gnoll's attack.
The gnoll bouda barks out a call to the hunt!
The gnoll picks up the pace!
The gnoll hits you with a +0 spear.
* * * LOW HITPOINT WARNING * * *
The gnoll hits you with a +0 club.
* * * LOW HITPOINT WARNING * * *
You hit the gnoll.
The gnoll is almost dead.
You hit the gnoll.
You kill the gnoll!
You hit the gnoll bouda but do no damage.
The gnoll bouda hits you with a +0 club.
You die...

#...# #...# ##########...#
#............#
####.########...#######
####.....)................
#..).....#######...#######
#......))#########.#######
#.......g@................
#...?...)g#####........###
#.........# #....<...#
##..#####.. #........# #.#
###. #........# .. ..
#........# # .
#........### #.........##
#...........


You could see a gnoll bouda and a gnoll (swift).

Vanquished Creatures
  Sigmund (D:3)
  7 gnolls
  5 adders
  2 dart slugs
  2 ball pythons
  3 endoplasms
  2 giant cockroaches
  3 goblins
  8 hobgoblins
  3 jackals (D:1)
  8 kobolds
  7 bats
  A frilled lizard (D:1)
  4 rats (D:1)
56 creatures vanquished.

Notes
Turn   | Place    | Note
-------+----------+-------------------------------------------
     0 | D:1      | avis the Hill Orc Monk began the quest for the Orb.
     0 | D:1      | Reached XP level 1. HP: 19/19 MP: 1/1
    90 | D:1      | Found Joni's Magic Scroll Boutique.
   247 | D:1      | Reached XP level 2. HP: 27/27 MP: 2/2
   419 | D:1      | Reached skill level 5 in Axes
   782 | D:2      | Reached XP level 3. HP: 33/33 MP: 3/3
   888 | D:2      | Found a faded altar of an unknown god.
   906 | D:2      | Got Plato's Meditations on Blasts
  1007 | D:2      | Found Quoveema's Antique Armour Shoppe.
  1170 | D:2      | Reached skill level 6 in Axes
  1446 | D:3      | Reached XP level 4. HP: 32/40 MP: 4/4
  1639 | D:3      | Found a stormy altar of Qazlal.
  1650 | D:3      | Reached skill level 7 in Axes
  1650 | D:3      | Found a hazy altar of Hepliaklqana.
  1931 | D:3      | Found a sacrificial altar of Ru.
  1970 | D:3      | Noticed Sigmund
  1977 | D:3      | Reached XP level 5. HP: 43/46 MP: 5/5
  1992 | D:3      | Killed Sigmund
  1993 | D:3      | Reached skill level 9 in Axes
  1993 | D:3      | Reached XP level 6. HP: 23/52 MP: 3/6
  2305 | D:4      | Identified the +5 tower shield of Qukanec {rCorr Str+3
                  | Dex-5}
  2510 | D:4      | Slain by a gnoll bouda

Illustrated notes

Levels and vault maps discovered:
D:1:      minmay_arrival_cross, layout_basic, serial_shops,
          nicolae_shop_tiny_glass
D:2:      layout_basic, serial_shops, shop, shapermc_ecumenical_altar_rom_forum
D:3:      layout_rooms, nicolae_ru_sacrificial_ziggurat,
          chequers_temple_overflow_statue_of_worship, grunt_ministairs_1,
          minmay_statues_item, uniq_sigmund
D:4:      layout_rooms

Skill      XL: |  1  2  3  4  5 |
---------------+----------------+-----
Axes           | 5 6 7 9 |  9.3
Fighting       | |  3.7
Dodging        | |  2.4

Action                     |  1- 3 |  4- 6 || total
---------------------------+-------+-------++-------
  Melee: Hand axe          |   108 |   114 ||   222
    Use: Potion            |       |     1 ||     1
 Armour: Robe              |    17 |       ||    17
         Ring mail         |    14 |    54 ||    68
  Dodge: Dodged            |    67 |    61 ||   128
  Block: Tower shield      |       |    50 ||    50

Table legend: (Time is in decaauts)
 A = Elapsed time spent in this place.
 B = Non-inter-level travel time spent in this place.
 C = Inter-level travel time spent in this place.
 D = Time resting spent in this place.
 E = Time spent auto-exploring this place.
 F = Levels seen in this place.
 G = Mean time per level.
                   A        B        C        D        E       F      G
               +--------+--------+--------+--------+--------+-----+--------+
         Total |   2523 |   2235 |    288 |    231 |   1193 |   4 |  630.8 |
       Dungeon |   2523 |   2235 |    288 |    231 |   1193 |   4 |  630.8 |
               +--------+--------+--------+--------+--------+-----+--------+

Top non-repeatable levels by time:
     D:1: 861 daAuts
     D:2: 783 daAuts
     D:3: 689 daAuts
     D:4: 189 daAuts
